 Dungeon Crawl Stone Soup version 0.30.0-5-g1a98f26d00 (webtiles) character file.

Game seed: 10306016593647558544

91 Jarnaxa the Magician (level 4, -1/24 HPs)
             Began as a Deep Elf Air Elementalist on May 8, 2023.
             Slain by an orc wizard
             ... wielding a +0 club
              (3 damage)
             ... on level 3 of the Dungeon.
             The game lasted 00:02:37 (2078 turns).

Jarnaxa the Magician (Deep Elf Air Elementalist)    Turns: 2078, Time: 00:02:38

Health: -1/24      AC:  2    Str:  5    XL:     4   Next: 33%
Magic:  0/12       EV: 13    Int: 22    God:
Gold:   182        SH:  0    Dex: 15    Spells: 6/12 levels left

rFire   . . .        (no weapon)
rCold   . . .        (no shield)
rNeg    . . .        a - +0 robe
rPois   .            (no helmet)
rElec   .            (no cloak)
rCorr   .            (no gloves)
SInv    .            (no boots)
Will    .....        (no amulet)
Stlth   ++           (no ring)
HPRegen 0.24/turn    (no ring)
MPRegen 0.13/turn

%: no passive effects
@: no status effects
A: no striking features
a: no special abilities


You were on level 3 of the Dungeon.
You visited 1 branch of the dungeon, and saw 3 of its levels.

You collected 182 gold pieces.

Inventory:

Armour
 a - a +0 robe (worn)
Jewellery
 k - a ring of resist corrosion
 n - a ring of willpower
 o - a +5 ring of evasion
Scrolls
 c - 5 scrolls of identify {unknown}
 d - a scroll of magic mapping {unknown}
 e - 2 scrolls of teleportation {unknown}
 f - a scroll of fear {unknown}
 i - a scroll of fog {unknown}
 j - a scroll of noise {unknown}
 l - a scroll of torment {unknown}
 p - a scroll of poison {unknown}
 s - a scroll of vulnerability {unknown}
 t - a scroll of silence {unknown}
Potions
 b - 2 potions of magic
 g - a potion of flight {unknown}
 h - 2 potions of heal wounds {unknown}
 m - a potion of might {unknown}
 q - 2 potions of curing {unknown}
 r - a potion of haste {unknown}


   Skills:
 + Level 2.8 Dodging
 + Level 2.5 Stealth
 + Level 4.5 Spellcasting
 + Level 2.2 Conjurations
 + Level 3.7 Air Magic


You had 6 spell levels left.
You knew the following spells:

 Your Spells              Type           Power      Damage    Failure   Level
a - Shock                 Conj/Air       72%        1d7       3%          1
b - Static Discharge      Conj/Air       36%        2-4/arc   4%          2
c - Swiftness             Air            21%        N/A       7%          3

Your spell library contained the following spells:

 Spells                   Type           Power      Damage    Failure   Level
 Blink                    Tloc           8%         N/A       16%         2
 Airstrike                Air            10%        2d(2-18)  22%         4
 Manifold Assault         Tloc           4%         N/A       71%         4
 Storm Form               Tmut/Air       6%         N/A       100%        7


Dungeon Overview and Level Annotations

Branches:
Dungeon (3/15)

Altars:
Xom


Message History

You hit the orc wizard but do no damage.
The orc wizard is lightly wounded.
The orc wizard closely misses you.
You hit the orc wizard but do no damage.
The orc wizard is lightly wounded.
The orc wizard gestures wildly while chanting.
The orc wizard flickers and vanishes!
Deactivating autopickup; reactivate with Ctrl-A.
You miss something. Something hits you.
You hit something.
You hear some strange, mumbled words.
Something tries to affect you, but you resist.
Casting: Shock (safe; 3% risk of failure)
Confirm with . or Enter, or press ? or * to list all spells.
You can't see any susceptible monsters within range! (Use Z to cast anyway.)
Casting: Shock (safe; 3% risk of failure)
Confirm with . or Enter, or press ? or * to list all spells.
Something is struck by an arc of lightning.
You are struck by an arc of lightning.
The lightning grounds out.
Something hits you.
You barely miss something. Something barely misses you.
You closely miss something. Something hits you.
You miss something. Something hits you.
You hit something but do no damage. Something hits you.
You closely miss something. Something hits you.
You barely miss something. Something hits you.
* * * LOW HITPOINT WARNING * * *
You miss something.
You hear some strange, mumbled words.
A magic dart appears from out of thin air!
The magic dart hits you.
* * * LOW HITPOINT WARNING * * *
Casting: Static Discharge (safe; 4% risk of failure)
Confirm with . or Enter, or press ? or * to list all spells.
Aiming: Shock (safe; 3% risk of failure)
Press: ? - help, Shift-Dir - straight line The zap hits something.
Something hits you but does no damage.
Unknown command.
You hit something but do no damage. Something hits you.
You die...

#.#########.†
#>.....)..o..
########{###
.........@.# ..#
...........# ....#
...........# ....#
...........# ....#
...........###... #
.[.........#...# ..
########.###...##.##
#............
#####...##...#


There were no monsters in sight!

Vanquished Creatures
  An orc priest (D:3)
  2 adders (D:2)
  4 dart slugs
  3 orcs (D:3)
  3 endoplasms
  2 giant cockroaches
  A goblin (D:1)
  2 hobgoblins
  4 jackals (D:1)
  4 kobolds
  3 ball pythons (D:3)
  3 bats (D:1)
  A frilled lizard (D:2)
  A rat (D:2)
34 creatures vanquished.

Notes
Turn   | Place    | Note
-------+----------+-------------------------------------------
     0 | D:1      | Jarnaxa the Deep Elf Air Elementalist began the quest for
                  | the Orb.
     0 | D:1      | Reached XP level 1. HP: 10/10 MP: 6/6
   263 | D:1      | Reached XP level 2. HP: 15/15 MP: 5/8
  1049 | D:2      | Reached XP level 3. HP: 16/19 MP: 3/10
  1052 | D:2      | Learned a level 2 spell: Static Discharge
  1056 | D:2      | Learned a level 3 spell: Swiftness
  1211 | D:2      | Found a shimmering altar of Xom.
  1234 | D:2      | Reached skill level 4 in Spellcasting
  1673 | D:3      | Reached XP level 4. HP: 24/24 MP: 3/12
  2078 | D:3      | Slain by an orc wizard

Illustrated notes

Levels and vault maps discovered:
D:1:      dpeg_arrival_rhombus, layout_basic, minmay_fountain_box, st_stairs_8,
          minmay_misc_feat_rugged
D:2:      layout_rooms, basic_altar
D:3:      layout_basic, gammafunk_temple_overflow_wave,
          shapermc_ecumenical_altar_starsandcircs, uniq_grinder

Skill      XL: |  1  2  3 |
---------------+----------+-----
Spellcasting   | 4 |  4.5
Conjurations   | 2 |  2.2
Dodging        | |  2.8
Stealth        | |  2.5
Air Magic      | |  3.7

Action                     |  1- 3 |  4- 6 || total
---------------------------+-------+-------++-------
  Melee: Unarmed           |       |    12 ||    12
   Cast: Shock             |    70 |    24 ||    94
         Static Discharge  |     3 |     1 ||     4
 Armour: Robe              |     3 |     1 ||     4
  Dodge: Dodged            |    26 |     4 ||    30
